 Dungeon Crawl Stone Soup version 0.23.1 (webtiles) character file.

Game seed: 4504050280529547537

16193 wittewijn the Cleaver (level 12, -9/106 HPs)
             Began as a Minotaur Berserker on Mar 18, 2019.
             Was a High Priest of Trog.
             Mangled by a catoblepas (13 damage)
             ... while petrified by you
             ... on level 15 of the Dungeon.
             The game lasted 00:40:27 (14380 turns).

wittewijn the Cleaver (Minotaur Berserker)         Turns: 14380, Time: 00:40:27

Health: -9/106     AC: 21    Str: 32    XL:     12   Next: 7%
Magic:  9/11       EV:  2    Int: 11    God:    Trog [*****.]
Gold:   986        SH:  0    Dex:  9    Spells: 11/11 levels left

rFire    . . .     SeeInvis +   (no weapon)
rCold    . . .     Gourm    .   g - +0 buckler
rNeg     + + +     Faith    .   B - +1 plate armour
rPois    ∞         Spirit   .   (helmet restricted)
rElec    .         Reflect  +   G - +0 cloak
rCorr    .         Harm     .   v - +0 pair of gloves
MR       +....     Rnd*Tele +   F - +0 pair of boots
Stlth    ..........             l - +5 amulet of reflection
HPRegen  0.27/turn              e - ring of teleportation
MPRegen  0.12/turn              q - ring "Tinoas" {MR+ Str+4 Int+7}

@: petrified
A: retaliatory headbutt, horns 2, see invisible, poison resistance
a: Berserk, Trog's Hand, Brothers in Arms, Renounce Religion


You were on level 15 of the Dungeon.
You worshipped Trog.
Trog was extremely pleased with you.
You were not hungry.

You visited 2 branches of the dungeon, and saw 16 of its levels.
You also visited: Sewer.

You collected 986 gold pieces.

Inventory:

Hand Weapons
 m - a +5 antimagic war axe
Armour
 g - a +0 buckler (worn)
 v - a +0 pair of gloves (worn)
 B - a +1 plate armour (worn)
 F - a +0 pair of boots (worn)
 G - a +0 cloak (worn)
Jewellery
 e - a ring of teleportation (left hand)
 k - an uncursed ring of protection from fire
 l - a +5 amulet of reflection (around neck)
 q - the ring "Tinoas" (right hand) {MR+ Str+4 Int+7}
   (You found it on level 9 of the Dungeon)

   [ring of protection from magic]

   It affects your strength (+4).
   It affects your intelligence (+7).
   It affects your resistance to hostile enchantments.
 y - an uncursed ring of flight
Wands
 s - a wand of enslavement (10)
 t - a wand of flame (20)
 u - a wand of scattershot (5)
 w - a wand of acid (19)
 D - a wand of iceblast (12)
 E - a wand of digging (6)
Scrolls
 a - a scroll of identify
 f - 6 scrolls of remove curse
 n - 2 scrolls of amnesia
 I - a scroll of holy word {unknown}
Potions
 b - 3 potions of resistance
 d - 2 potions of cancellation
 h - 2 potions of lignification
 i - a potion of brilliance
 j - a potion of mutation
 p - 2 potions of curing
 r - 4 potions of flight
 x - 2 potions of magic {unknown}
 z - a potion of agility {unknown}
 A - a potion of haste {unknown}
 C - a potion of invisibility {unknown}
Comestibles
 c - 8 rations


   Skills:
 + Level 9.9 Fighting
 + Level 14.1 Axes
 + Level 13.1 Armour
 + Level 4.6 Dodging
 + Level 1.7 Stealth
 + Level 8.4 Shields
 + Level 0.3 Evocations


You had 11 spell levels left.
You didn't know any spells.
Your spell library contained the following spells:

 Spells                   Type           Power        Failure   Level  Hunger
 Shock                    Conj/Air       #...         88%         1    ##.....
 Swiftness                Chrm/Air       #.......     96%         2    ###....
 Static Discharge         Conj/Air       #.......     99%         3    ####...
 Airstrike                Air            #.........   100%        4    #####..
 Lightning Bolt           Conj/Air       #.........   100%        5    ######.


Dungeon Overview and Level Annotations

Branches:
Dungeon (15/15)              Lair (0/6) D:8             Orc (2/2) D:11
 Vaults (0/5) D:14
 Temple: D:4-7          Elf: Orc:2       Depths: D:15

Altars:
Ashenzari
Fedhas
Hepliaklqana
Makhleb
Nemelex Xobeh
Sif Muna
Wu Jian
The Shining One
Beogh

Portals:
Trove: D:15 (give +6 ice dragon scales)

Annotations:
D:9 1 runed translucent door, iVAG's ghost, novice DrCj


Innate Abilities, Weirdness & Mutations

You reflexively headbutt those who attack you in melee.
You have a pair of horns on your head.
You have supernaturally acute eyesight. (SInv)
Your system is resistant to poisons. (rPois)


Message History

Really attack barehanded?
Okay, then.
The catoblepas closely misses you. The catoblepas gores you!
* * * LOW HITPOINT WARNING * * *
The catoblepas stomps with a crash on the ground.
The catoblepas breathes a plume of calcifying dust at you.
The blast of calcifying dust hits you!
* * * LOW HITPOINT WARNING * * *
You are engulfed in calcifying dust.
You are slowing down.
You are engulfed in calcifying dust.
Your limbs are stiffening.
There is a stone staircase leading up here.
You are engulfed in calcifying dust.
You have turned to stone.
The catoblepas gores you. The catoblepas gores you!!
* * * LOW HITPOINT WARNING * * *
The catoblepas barely misses you. The catoblepas gores you!!
You die...

###################
........?.........#
..............).).#
#..............Y@.#
#..################
#..#
#§.################
..................#
..................#
###################


You could see a catoblepas.

Vanquished Creatures
  A vault guard (D:15)
  A centaur warrior (D:15)
  A two-headed ogre (D:15)
  A tengu warrior (D:15)
  An unseen horror (D:14)
  6 ugly things
  A manticore (D:15)
  A cyclops (D:15)
  Maurice (D:13)
  2 centaur zombies
  A gargoyle (D:12)
  2 centaur skeletons (D:13)
  The ghost of acidapple the Transmogrifier, a novice VSTm of Makhleb (D:7)
  A troll (D:15)
  A harpy zombie (D:15)
  2 hippogriffs (D:13)
  A wraith (D:15)
  3 wyverns
  5 yaks (D:9)
  2 basilisks
  A soldier ant (D:12)
  A warg (Orc:1)
  An ice beast (D:11)
  10 orc warriors
  9 ogres
  2 phantoms
  A sky beast (D:14)
  A necrophage (D:12)
  14 centaurs
  2 big kobolds
  4 bullfrogs
  A crocodile (D:13)
  Blork the orc (D:5)
  3 scorpions
  3 killer bees (D:12)
  3 wights (D:15)
  A howler monkey (D:4)
  4 jellies
  A bullfrog zombie (D:10)
  5 crimson imps
  A quasit (D:12)
  3 hounds
  5 orc priests
  2 iguanas
  A bullfrog skeleton (D:7)
  7 orc wizards
  2 worker ants (D:13)
  A hound skeleton (D:4)
  A mummy (D:12)
  A worker ant zombie (D:10)
  Robin (D:3)
  A howler monkey zombie (D:3)
  8 adders
  An ooze (D:1)
  3 worms
  3 dart slugs
  7 leopard geckos
  41 orcs
  2 bats
  11 giant cockroaches
  13 goblins
  13 hobgoblins
  4 jackals
  13 kobolds
  5 quokkas
  A ball python (D:2)
  6 frilled lizards
  11 rats
271 creatures vanquished.

Vanquished Creatures (others)
  An ugly thing (D:15)
  A centaur (D:13)
  An orc (D:12)
  4 toadstools (D:1)
7 creatures vanquished.

Grand Total: 278 creatures vanquished

Notes
Turn   | Place    | Note
-------+----------+-------------------------------------------
     0 | D:1      | wittewijn the Minotaur Berserker began the quest for the
                  | Orb.
     0 | D:1      | Reached XP level 1. HP: 19/19 MP: 0/0
    74 | D:1      | Reached skill level 4 in Axes
    74 | D:1      | Reached XP level 2. HP: 20/27 MP: 1/1
   331 | D:1      | Reached XP level 3. HP: 30/33 MP: 2/2
   337 | D:1      | Reached ** piety under Trog
  1228 | D:2      | Reached XP level 4. HP: 41/41 MP: 3/3
  1373 | D:3      | Found a hazy altar of Hepliaklqana.
  1406 | D:3      | Noticed Robin
  1429 | D:3      | Killed Robin
  1429 | D:3      | Reached skill level 5 in Axes
  1668 | D:3      | Noticed an ogre
  1669 | D:3      | Reached *** piety under Trog
  1947 | D:3      | Reached XP level 5. HP: 47/47 MP: 4/4
  1957 | D:3      | Killed an ogre
  1957 | D:3      | Reached skill level 5 in Fighting
  1957 | D:3      | Reached skill level 6 in Axes
  2276 | D:4      | Reached XP level 6. HP: 56/56 MP: 5/5
  3203 | D:4      | Reached skill level 1 in Shields
  3584 | D:4      | Reached skill level 5 in Armour
  3584 | D:4      | Reached XP level 7. HP: 61/61 MP: 6/6
  3874 | D:5      | Entered Level 5 of the Dungeon
  3984 | D:5      | Found a glowing drain.
  4002 | Sewer    | Entered a sewer
  4134 | Sewer    | Reached skill level 7 in Axes
  4259 | Sewer    | Found a white marble altar of Elyvilon.
  4468 | D:5      | Noticed Blork the orc
  4478 | D:5      | Killed Blork the orc
  4845 | D:5      | You fall through a shaft for 2 floors!
  4845 | D:7      | Found a runed translucent door.
  4869 | D:7      | Noticed acidapple's ghost (novice VSTm)
  4895 | D:7      | Killed acidapple's ghost
  4895 | D:7      | Reached XP level 8. HP: 46/70 MP: 7/7
  5134 | D:7      | Reached skill level 8 in Axes
  5407 | D:7      | Reached **** piety under Trog
  5606 | D:7      | Found a burning altar of Makhleb.
  5608 | D:7      | Found a deep blue altar of Sif Muna.
  5610 | D:7      | Found a shattered altar of Ashenzari.
  5610 | D:7      | Found a blossoming altar of Fedhas.
  5610 | D:7      | Found an ornate altar of the Wu Jian Council.
  5610 | D:7      | Found a sparkling altar of Nemelex Xobeh.
  5611 | D:7      | Found a glowing golden altar of the Shining One.
  5638 | D:8      | Found a staircase to the Lair.
  5638 | D:8      | Noticed a hippogriff
  5638 | D:8      | Noticed a hippogriff
  5643 | D:8      | Noticed a hornet
  5676 | D:7      | Reached skill level 1 in Stealth
  6416 | D:9      | Reached XP level 9. HP: 33/78 MP: 8/8
  6419 | D:9      | Reached skill level 9 in Axes
  6895 | D:9      | Reached skill level 10 in Armour
  7426 | D:9      | Got a twitching granite ring
  7429 | D:9      | Identified the ring "Tinoas" {MR+ Str+4 Int+7} (You found
                  | it on level 9 of the Dungeon)
  7628 | D:9      | Found a runed translucent door.
  7634 | D:9      | Noticed iVAG's ghost (novice DrCj)
  8159 | D:9      | Gained mutation: You have supernaturally acute eyesight.
                  | (SInv) [potion of mutation]
  8159 | D:9      | Gained mutation: Your system is resistant to poisons.
                  | (rPois) [potion of mutation]
  8225 | D:10     | Entered Level 10 of the Dungeon
  8427 | D:10     | Reached skill level 10 in Axes
  9235 | D:11     | Found a staircase to the Orcish Mines.
  9240 | D:11     | Reached XP level 10. HP: 78/86 MP: 9/9
  9394 | Orc:1    | Entered Level 1 of the Orcish Mines
  9729 | Orc:2    | Entered Level 2 of the Orcish Mines
  9729 | Orc:2    | Noticed an ogre mage
  9729 | Orc:2    | Noticed a two-headed ogre
  9730 | Orc:2    | Noticed a two-headed ogre
 10376 | D:11     | Noticed a tengu warrior
 10640 | D:12     | Noticed a red ugly thing
 10655 | D:12     | Reached skill level 5 in Shields
 10659 | D:12     | Killed a red ugly thing
 10659 | D:12     | Reached skill level 11 in Axes
 11050 | D:12     | Noticed a gargoyle
 11057 | D:12     | Killed a gargoyle
 11081 | D:12     | Reached ***** piety under Trog
 11292 | D:12     | Noticed a two-headed ogre
 11336 | D:13     | Noticed Maurice
 11355 | D:13     | Killed Maurice
 11822 | D:13     | Reached skill level 12 in Axes
 11962 | D:13     | Reached XP level 11. HP: 95/95 MP: 10/10
 12147 | D:14     | Found a gate to the Vaults.
 12147 | D:14     | Noticed a vault guard
 12147 | D:14     | Noticed a vault guard
 12147 | D:14     | Noticed a vault guard
 12147 | D:14     | Noticed a vault guard
 12147 | D:14     | Noticed a vault guard
 12147 | D:14     | Noticed a vault guard
 12254 | D:14     | Noticed a tengu warrior
 12343 | D:14     | Received a gift from Trog
 12377 | D:14     | Noticed an unseen horror
 12403 | D:14     | Killed an unseen horror
 12506 | D:14     | Found a roughly hewn altar of Beogh.
 12603 | D:15     | Entered Level 15 of the Dungeon
 12786 | D:15     | Noticed a vault guard
 12812 | D:15     | Killed a vault guard
 12909 | D:15     | Noticed a two-headed ogre
 12919 | D:15     | Killed a two-headed ogre
 12919 | D:15     | Reached skill level 13 in Axes
 12937 | D:15     | Noticed a catoblepas
 13200 | D:15     | Noticed a cyan ugly thing
 13201 | D:15     | Noticed a cyan ugly thing
 13204 | D:15     | Noticed a cyan ugly thing
 13222 | D:15     | Killed a cyan ugly thing
 13231 | D:15     | Killed a purple ugly thing
 13231 | D:15     | Received a gift from Trog
 13402 | D:15     | Noticed a centaur warrior
 13414 | D:15     | Killed a centaur warrior
 13623 | D:15     | Noticed a white ugly thing
 13635 | D:15     | Noticed a white ugly thing
 13637 | D:15     | Noticed a white ugly thing
 13648 | D:15     | Killed a cyan ugly thing
 13659 | D:15     | Killed a white ugly thing
 13664 | D:15     | Killed a purple ugly thing
 13832 | D:15     | Noticed a tengu warrior
 13849 | D:15     | Killed a tengu warrior
 13849 | D:15     | Reached skill level 14 in Axes
 13849 | D:15     | Reached XP level 12. HP: 51/106 MP: 3/11
 14077 | D:15     | Found a portal to a secret trove of treasure.
 14378 | D:15     | HP: 4/106 [catoblepas (13)]
 14380 | D:15     | Mangled by a catoblepas

Skill      XL: |  1  2  3  4  5  6  7  8  9 10 11 |
---------------+----------------------------------+-----
Axes           | 4 5 6 7 8 10 12 14 | 14.1
Fighting       | 4 5 6 7 8 9 |  9.9
Armour         | 3 5 7 9 11 12 13 | 13.1
Shields        | 1 2 3 4 6 8 |  8.4
Dodging        | 3 4 |  4.6
Stealth        | 1 |  1.7
Evocations     | |  0.3

Action                   |  1- 3 |  4- 6 |  7- 9 | 10-12 || total
-------------------------+-------+-------+-------+-------++-------
Melee: Hand axe          |   101 |   129 |   305 |   139 ||   674
       Headbutt          |    11 |    25 |    62 |    97 ||   195
       War axe           |       |       |       |   292 ||   292
Evoke: Wand              |       |       |       |     3 ||     3
  Use: Scroll            |       |     8 |     7 |     4 ||    19
       Potion            |       |     1 |     8 |     4 ||    13
  Eat: Ration            |     1 |     3 |     5 |     4 ||    13
       Chunk             |       |       |     1 |       ||     1
Armor: Chain mail        |    49 |    53 |   113 |     9 ||   224
       Animal skin       |     3 |       |       |       ||     3
       Plate armour      |       |       |       |   217 ||   217
Dodge: Dodged            |    53 |    49 |   108 |   147 ||   357
Block: Buckler           |     5 |    14 |    45 |   213 ||   277
       Reflection        |       |       |       |    21 ||    21
